 Dungeon Crawl Stone Soup version 0.31.0-9-g3a7656b989 (webtiles) character file.

Game seed: 2273874414369328485

46 Killerpretzel the Gusty (level 3, 0/16 HPs)
             Began as a Felid Air Elementalist on Feb 3, 2024.
             Killed by nerve-wracking pain
             ... invoked by Grinder
              (13 damage)
             ... while paralysed by Grinder
             ... on level 3 of the Dungeon.
             The game lasted 00:06:37 (2366 turns).

Killerpretzel the Gusty (Felid Air Elementalist)    Turns: 2366, Time: 00:06:37

Health: 0/16       AC:  1    Str:  4    XL:     3   Next: 46%
Magic:  4/7        EV:  4    Int: 20    God:
Gold:   186        SH:  0    Dex: 16    Spells: 3/6 levels left
                                        Lives:  0   Deaths: 1

rFire   . . .        (weapon unavailable)
rCold   . . .        (shield unavailable)
rNeg    . . .        (body armour unavailable)
rPois   .            (helmet unavailable)
rElec   .            (cloak unavailable)
rCorr   .            (gloves unavailable)
SInv    +            (boots unavailable)
Will    .....        (no amulet)
Stlth   ++           (no ring)
HPRegen 0.22/turn    (no ring)
MPRegen 0.10/turn

%: no passive effects
@: paralysed
A: very small, claws 1, fangs 3, see invisible, shaggy fur 1, stealthy paws, no
weapons or thrown items, no armour, multi-lived
a: no special abilities


You were on level 3 of the Dungeon.
You visited 1 branch of the dungeon, and saw 3 of its levels.

You collected 186 gold pieces.

Inventory:

Wands
 c - a wand of quicksilver (13)
Scrolls
 h - a scroll of enchant armour
Potions
 a - a potion of lignification {unknown}
 b - a potion of curing
 d - a potion of brilliance
 e - a potion of enlightenment {unknown}
 f - 2 potions of attraction {unknown}
 g - a potion of might {unknown}


   Skills:
 + Level 3.3 Dodging
 - Level 2.6 Stealth
 + Level 2.3 Spellcasting
 + Level 1.5 Conjurations
 * Level 3.3 Air Magic


You had 3 spell levels left.
You knew the following spells:

 Your Spells              Type           Power      Damage    Failure   Level
a - Shock                 Conj/Air       48%        1d6       5%          1
b - Static Discharge      Conj/Air       24%        3-4/arc   9%          2

Your spell library contained the following spells:

 Spells                   Type           Power      Damage    Failure   Level
 Mercury Vapours          Alch/Air       18%        N/A       12%         2
 Swiftness                Air            15%        N/A       12%         3
 Mephitic Cloud           Conj/Alch/Air  8%         N/A       24%         3
 Ozocubu's Armour         Ice            2%         N/A       41%         3
 Airstrike                Air            7%         2d(2-18)  36%         4
 Freezing Cloud           Conj/Ice/Air   4%         6-21      91%         5
 Metabolic Englaciation   Hex/Ice        1%         N/A       99%         5
 Sculpt Simulacrum        Ice/Alch       1%         N/A       100%        6


Dungeon Overview and Level Annotations

Branches:
Dungeon (3/15)

Altars:

Annotations:
D:3 3 runed translucent doors, exclusion: 3 doors, Bnni's ghost, amateur TeFi; Grinder


Innate Abilities, Weirdness & Mutations

You have sharp claws.
You have razor-sharp teeth.
You have supernaturally acute eyesight. (SInv)
You are covered in fur. (AC +1)
Your paws help you pounce on unaware monsters.
You are incapable of wielding weapons or throwing items.
You cannot wear armour.
You gain extra lives every three experience levels.


Message History

You kill the adder!
You are struck by an arc of lightning.
The lightning grounds out.
No target in view!
c - a wand of quicksilver (13) No target in view!
You now have 186 gold pieces (gained 12).
Grinder and a rat come into view.
Grinder is carrying a wand of flame.
Grinder shouts!
The rat squeaks loudly.
A hobgoblin comes into view. It is wielding a +0 sling.
The rat moves out of view.
There is an escape hatch in the ceiling here.
Casting: Static Discharge (safe; 9% risk of failure)
Confirm with . or Enter, or press ? or * to list all spells.
Aiming: Shock (safe; 5% risk of failure)
Press: ? - help, Shift-Dir - straight line, f - Grinder
Aim: Grinder, carrying a wand of flame (64% to hit)
The zap hits Grinder.
Grinder is lightly wounded.
Casting: Shock (safe; 5% risk of failure)
Confirm with . or Enter, or press ? or * to list all spells.
Aiming: Shock (safe; 5% risk of failure)
Press: ? - help, Shift-Dir - straight line, f/p - Grinder
Aim: Grinder, carrying a wand of flame (lightly wounded, 64% to hit)
The zap hits Grinder.
Grinder is lightly wounded.
Casting: Shock (safe; 5% risk of failure)
Confirm with . or Enter, or press ? or * to list all spells.
Aiming: Shock (safe; 5% risk of failure)
Press: ? - help, Shift-Dir - straight line, f/p - Grinder
Aim: Grinder, carrying a wand of flame (lightly wounded, 64% to hit)
The zap hits Grinder.
Grinder is lightly wounded.
Grinder gestures at you.
You suddenly lose the ability to move!
Grinder blinks!
The hobgoblin shoots a sling bullet.
The sling bullet hits you. Grinder gestures at you.
Pain shoots through your body!
Ouch! That really hurt!
You die...
Grinder sighs, "Dead already?
I want a refund."

#.##..<#...†.#######
#.##..##.#.#........
#.#####.##.......#........
##'#............#...........#
.....#####.##................
...g.....g.....#...#.........
......####.....#...#.........
..... #.....'.............
.... #..@..#.###......... ..5
#.....#............. ..
#.....######+#####.# .
#.5...# .. ####### ## ### #..


You could see Grinder and a hobgoblin.

Vanquished Creatures
  An adder (D:3)
  3 dart slugs
  A ribbon worm (D:2)
  An orc (D:3)
  4 ball pythons
  4 endoplasms
  3 goblins
  A hobgoblin (D:3)
  2 kobolds
  A quokka (D:1)
  5 bats (D:2)
  A frilled lizard (D:2)
27 creatures vanquished.

Notes
Turn   | Place    | Note
-------+----------+-------------------------------------------
     0 | D:1      | Killerpretzel the Felid Air Elementalist began the quest
                  | for the Orb.
     0 | D:1      | Reached XP level 1. HP: 9/9 MP: 4/4
   353 | D:1      | Reached skill level 1 in Conjurations
   542 | D:1      | Reached XP level 2. HP: 13/13 MP: 1/6
   595 | D:1      | Learned a level 2 spell: Static Discharge
  1372 | D:2      | Slain by a ribbon worm
  1372 | D:2      | Lost a life (0 lives remaining)
  1876 | D:3      | Found a runed translucent gate.
  1876 | D:3      | Found a runed translucent gate.
  1879 | D:3      | Noticed Bnni's ghost (amateur TeFi)
  1881 | D:3      | Found a runed translucent gate.
  1882 | D:3      | Noticed a kobold brigand
  1887 | D:3      | Reached XP level 3. HP: 16/16 MP: 3/7
  2355 | D:3      | Noticed Grinder
  2364 | D:3      | Paralysed by Grinder for 5 turns
  2366 | D:3      | Killed from afar by Grinder

Illustrated notes

Levels and vault maps discovered:
D:1:      ldierk_walled_garden, layout_basic
D:2:      layout_loops_ring
D:3:      layout_basic, gammafunk_ghost_nasty_kobolds, minmay_surrounded,
          uniq_grinder

Skill      XL: |  1  2 |
---------------+-------+-----
Conjurations   | 1 |  1.5
Dodging        | 3 |  3.3
Air Magic      | 3 |  3.3
Stealth        | |  2.6
Spellcasting   | |  2.3

Action                     || total
---------------------------++-------
  Melee: Unarmed           ||     9
   Cast: Shock             ||    65
         Static Discharge  ||     7
    Use: Scroll            ||     8
         Potion            ||     1
 Armour: Skin              ||    13
  Dodge: Dodged            ||    14
